General information
- name: BNet
- type: Ladder team game (AT/RT)
- host: Battle.net
- saver: ('-_-)
map: MarketSquare
- players: 8
- length: 16:59
- speed: Fast
- version: 1.28 W3XP
- replay type: Public
» download(120 KB)
Players
team 1 (winner)
hjd999 (
green | 77 APM | 1300 actions | 16:57)
5 Archmage
1 Summon Water Elemental
3 Brilliance Aura
1 Blizzard
4 Paladin
2 Holy Light
2 Divine Shield
4 Mountain King
2 Storm Bolt
2 Bash
» actions
| Assign group hotkey | 6 | |
| Basic commands | 222 | |
| Build / train | 110 | |
| Enter build submenu | 18 | |
| Enter hero's abilities submenu | 13 | |
| Right click | 171 | |
| Select / deselect | 452 | |
| Select group hotkey | 158 | |
| Use ability | 150 | |
1300 total
» units
| Peasant | 15 | |
| Footman | 25 | |
| Mortar Team | 3 | |
| Sorceress | 5 | |
| Priest | 3 | |
| Siege Engine | 8 | |
59 total
» upgrades
| Defend | 1 | |
| Masonry | 3 | |
| Plating | 2 | |
| Fragmentation Shards | 1 | |
| Swords | 2 | |
| Barrage | 2 | |
| Gunpowder | 1 | |
| Armor | 1 | |
13 total
» buildings
| Altar of Kings | 1 | |
| Barracks | 1 | |
| Farm | 10 | |
| Scout Tower | 1 | |
| Arcane Tower | 4 | |
| Keep | 5 | |
| Lumber Mill | 1 | |
| Blacksmith | 1 | |
| Castle | 1 | |
| Arcane Sanctum | 1 | |
| Workshop | 1 | |
27 total
» build order
00:14 Altar of Kings
00:16 Barracks
00:18 Farm
00:55 Farm
01:18 Scout Tower
01:47 Arcane Tower
01:47 Arcane Tower
01:47 Arcane Tower
02:49 Keep
02:50 Keep
02:50 Keep
03:27 Lumber Mill
03:40 Farm
03:47 Blacksmith
05:30 Castle
05:49 Arcane Sanctum
05:51 Workshop
05:54 Farm
06:52 Farm
07:34 Farm
09:11 Farm
09:54 Farm
14:19 Farm
14:20 Farm
» items
HANKHILL (
orange | 84 APM | 1423 actions | 16:57)
4 Priestess of the Moon
2 Searing Arrows
2 Trueshot Aura
» actions
| Assign group hotkey | 19 | |
| Basic commands | 15 | |
| Build / train | 44 | |
| Enter build submenu | 14 | |
| Enter hero's abilities submenu | 4 | |
| Give item / drop item | 1 | |
| Remove unit from queue | 1 | |
| Right click | 606 | |
| Select / deselect | 182 | |
| Select group hotkey | 497 | |
| Use ability | 40 | |
1423 total
» units
» upgrades
| Strength of the Moon | 3 | |
| Vorpal Blades | 1 | |
| Strength of the Wild | 0 | |
4 total
» buildings
| Altar of Elders | 1 | |
| Moon Well | 8 | |
| Hunter's Hall | 2 | |
| Ancient of War | 2 | |
| Tree of Ages | 1 | |
| Tree of Eternity | 1 | |
15 total
» build order
00:14 Altar of Elders
00:21 Moon Well
01:30 Hunter's Hall
01:45 Hunter's Hall
01:57 Ancient of War
02:04 Moon Well
02:25 Ancient of War
02:46 Moon Well
03:24 Moon Well
03:29 Tree of Ages
06:22 Moon Well
06:24 Moon Well
06:25 Moon Well
07:23 Tree of Eternity
11:02 Moon Well
» items
| Scroll of Town Portal | 2 | |
| Scroll of Speed | 2 | |
| Staff of Teleportation | 1 | |
| Boots of Speed | 1 | |
| Scroll of Protection | 1 | |
| Potion of Lesser Invulnerability | 1 | |
8 total

»
bells (
pink | 111 APM | 1882 actions | 16:57)
5 Blademaster
2 Wind Walk
3 Critical Strike
4 Tauren Chieftain
2 Endurance Aura
2 War Stomp
» actions
| Assign group hotkey | 55 | |
| Basic commands | 4 | |
| Build / train | 66 | |
| Enter build submenu | 16 | |
| Enter hero's abilities submenu | 9 | |
| Give item / drop item | 3 | |
| Remove unit from queue | 1 | |
| Right click | 644 | |
| Select / deselect | 194 | |
| Select group hotkey | 811 | |
| Use ability | 79 | |
1882 total
» units
| Peon | 10 | |
| Grunt | 3 | |
| Spirit Walker | 3 | |
| Raider | 7 | |
23 total
» upgrades
| Armor | 1 | |
| Pillage | 1 | |
| Melee Weapons | 3 | |
| Berserker Strength | 1 | |
| Ensnare | 1 | |
| Spirit Walker Training | 1 | |
| Reinforced Defenses | 1 | |
9 total
» buildings
| Altar of Storms | 1 | |
| Orc Burrow | 4 | |
| Barracks | 1 | |
| Stronghold | 1 | |
| War Mill | 1 | |
| Voodoo Lounge | 1 | |
| Spirit Lodge | 2 | |
| Fortress | 1 | |
| Beastiary | 2 | |
| Great Hall | 1 | |
| Watch Tower | 3 | |
18 total
» build order
00:09 Altar of Storms
00:21 Orc Burrow
00:36 Barracks
02:29 Stronghold
02:54 Orc Burrow
03:16 War Mill
03:48 Voodoo Lounge
04:32 Orc Burrow
05:19 Spirit Lodge
05:43 Fortress
07:46 Spirit Lodge
07:50 Beastiary
08:57 Great Hall
09:27 Orc Burrow
10:53 Beastiary
13:58 Watch Tower
14:01 Watch Tower
14:07 Watch Tower
» items
| Circlet of Nobility | 1 | |
| Boots of Speed | 1 | |
| Healing Salve | 6 | |
| Potion of Healing | 3 | |
| Lesser Clarity Potion | 3 | |
| Orb of Lightning | 1 | |
| Scroll of Town Portal | 2 | |
17 total
('-_-) (
blue | 11 APM | 190 actions | 16:59)
» actions
| Build / train | 16 | |
| Enter build submenu | 15 | |
| Right click | 20 | |
| Select / deselect | 125 | |
| Use ability | 14 | |
190 total
» units
» upgrades
| Masonry | 1 | |
| Lumber Harvesting | 1 | |
2 total
» buildings
| Lumber Mill | 1 | |
| Scout Tower | 9 | |
| Arcane Tower | 3 | |
| Guard Tower | 1 | |
| Keep | 1 | |
| Blacksmith | 2 | |
17 total
» build order
03:33 Lumber Mill
03:39 Scout Tower
03:45 Scout Tower
03:48 Scout Tower
03:50 Scout Tower
03:56 Scout Tower
04:13 Arcane Tower
04:44 Guard Tower
13:38 Keep
13:59 Scout Tower
14:03 Scout Tower
14:04 Scout Tower
14:07 Scout Tower
14:46 Arcane Tower
15:44 Arcane Tower
16:52 Blacksmith
16:54 Blacksmith
team 2 (loser)
XXAX (
purple | 63 APM | 964 actions | 15:19)
4 Demon Hunter
1 Immolation
2 Mana Burn
1 Evasion
1 Keeper of the Grove
1 Entangling Roots
» actions
| Assign group hotkey | 32 | |
| Basic commands | 13 | |
| Build / train | 79 | |
| ESC pressed | 1 | |
| Enter build submenu | 25 | |
| Enter hero's abilities submenu | 5 | |
| Give item / drop item | 2 | |
| Right click | 288 | |
| Select / deselect | 195 | |
| Select group hotkey | 249 | |
| Use ability | 75 | |
964 total
» units
| Wisp | 30 | |
| Archer | 16 | |
| Hippogryph | 10 | |
| Wind Rider | 1 | |
57 total
» upgrades
| Strength of the Moon | 1 | |
| Moon Armor | 1 | |
| Improved Bows | 1 | |
| Hippogryph Taming | 1 | |
| Strength of the Wild | 1 | |
5 total
» buildings
| Altar of Elders | 1 | |
| Moon Well | 9 | |
| Ancient of War | 2 | |
| Ancient of Wonders | 1 | |
| Tree of Life | 1 | |
| Tree of Ages | 1 | |
| Hunter's Hall | 1 | |
| Ancient Protector | 7 | |
| Ancient of Wind | 2 | |
25 total
» build order
00:07 Altar of Elders
00:21 Moon Well
01:15 Ancient of War
01:29 Moon Well
01:50 Ancient of War
02:24 Moon Well
03:21 Ancient of Wonders
04:49 Tree of Life
05:03 Moon Well
06:22 Moon Well
06:36 Tree of Ages
06:38 Hunter's Hall
07:18 Moon Well
07:48 Ancient Protector
08:00 Ancient Protector
08:16 Moon Well
09:06 Ancient of Wind
09:09 Ancient of Wind
09:18 Moon Well
09:34 Ancient Protector
09:39 Ancient Protector
09:44 Ancient Protector
10:19 Moon Well
10:57 Ancient Protector
10:59 Ancient Protector
» items
| Dust of Appearance | 1 | |
| Potion of Healing | 5 | |
| Scroll of Town Portal | 1 | |
7 total

»
ThugMasTeR (
yellow | 71 APM | 1198 actions | 16:57)
5 Archmage
3 Summon Water Elemental
2 Brilliance Aura
2 Mountain King
1 Storm Bolt
1 Bash
3 Paladin
2 Holy Light
1 Divine Shield
» actions
| Assign group hotkey | 42 | |
| Build / train | 76 | |
| Enter build submenu | 30 | |
| Enter hero's abilities submenu | 10 | |
| Give item / drop item | 1 | |
| Right click | 462 | |
| Select / deselect | 334 | |
| Select group hotkey | 174 | |
| Use ability | 69 | |
1198 total
» units
| Peasant | 18 | |
| Footman | 3 | |
| Rifleman | 7 | |
| Knight | 1 | |
| Gryphon Rider | 4 | |
33 total
» upgrades
| Masonry | 3 | |
| Armor | 1 | |
| Long Rifles | 1 | |
| Lumber Harvesting | 2 | |
| Swords | 1 | |
| Magic Sentry | 1 | |
| Storm Hammers | 1 | |
| Animal War Training | 1 | |
| Priest Training | 1 | |
12 total
» buildings
| Altar of Kings | 1 | |
| Farm | 9 | |
| Barracks | 1 | |
| Lumber Mill | 1 | |
| Blacksmith | 1 | |
| Town Hall | 1 | |
| Scout Tower | 8 | |
| Arcane Vault | 1 | |
| Guard Tower | 8 | |
| Keep | 1 | |
| Castle | 2 | |
| Gryphon Aviary | 3 | |
| Arcane Sanctum | 1 | |
38 total
» build order
00:07 Altar of Kings
00:12 Farm
00:25 Barracks
00:58 Farm
01:38 Farm
01:44 Lumber Mill
03:35 Blacksmith
03:53 Town Hall
04:00 Scout Tower
04:03 Scout Tower
04:11 Arcane Vault
04:33 Guard Tower
04:34 Guard Tower
04:38 Scout Tower
05:28 Scout Tower
05:34 Scout Tower
05:39 Guard Tower
05:57 Guard Tower
06:11 Guard Tower
06:15 Farm
06:41 Keep
07:12 Farm
08:06 Scout Tower
08:19 Scout Tower
08:58 Guard Tower
09:24 Castle
09:24 Castle
09:28 Gryphon Aviary
09:35 Arcane Sanctum
10:14 Guard Tower
12:19 Gryphon Aviary
13:41 Gryphon Aviary
14:08 Farm
14:14 Farm
14:54 Farm
15:00 Farm
15:21 Scout Tower
» items
| Scroll of Regeneration | 2 | |
| Lesser Clarity Potion | 1 | |
| Potion of Healing | 1 | |
| Scroll of Town Portal | 1 | |
| Orb of Fire | 1 | |
6 total
yhj (
red | 61 APM | 725 actions | 11:47)
3 Naga Sea Witch
2 Forked Lightning
1 Frost Arrows
» actions
| Assign group hotkey | 17 | |
| Basic commands | 6 | |
| Build / train | 37 | |
| ESC pressed | 1 | |
| Enter build submenu | 15 | |
| Enter hero's abilities submenu | 3 | |
| Remove unit from queue | 8 | |
| Right click | 381 | |
| Select / deselect | 176 | |
| Select group hotkey | 30 | |
| Use ability | 51 | |
725 total
» units
| Peon | 12 | |
| Grunt | 4 | |
| Kodo Beast | -5 | |
| Raider | 3 | |
14 total
» upgrades
» buildings
| Orc Burrow | 4 | |
| War Mill | 1 | |
| Barracks | 1 | |
| Altar of Storms | 1 | |
| Voodoo Lounge | 1 | |
| Watch Tower | 5 | |
| Stronghold | 1 | |
| Beastiary | 1 | |
15 total
» build order
00:14 Orc Burrow
00:34 War Mill
00:50 Barracks
01:21 Altar of Storms
02:01 Orc Burrow
02:26 Voodoo Lounge
03:30 Watch Tower
03:31 Watch Tower
04:49 Stronghold
04:54 Watch Tower
05:02 Orc Burrow
06:27 Watch Tower
06:52 Orc Burrow
07:24 Beastiary
09:40 Watch Tower
» items
| Healing Salve | 3 | |
| Lesser Clarity Potion | 1 | |
| Scroll of Speed | 1 | |
| Potion of Healing | 1 | |
6 total
snipagangkodak (
teal | 22 APM | 339 actions | 15:31)
1 Archmage
1 Summon Water Elemental
» actions
| Build / train | 38 | |
| Enter build submenu | 17 | |
| Enter hero's abilities submenu | 1 | |
| Right click | 117 | |
| Select / deselect | 140 | |
| Use ability | 26 | |
339 total
» units
| Peasant | 8 | |
| Footman | 10 | |
| Rifleman | 10 | |
| Knight | 2 | |
30 total
» upgrades
| Swords | 1 | |
| Plating | 1 | |
| Lumber Harvesting | 1 | |
| Animal War Training | 1 | |
4 total
» buildings
| Barracks | 2 | |
| Farm | 11 | |
| Altar of Kings | 1 | |
| Blacksmith | 1 | |
| Lumber Mill | 1 | |
| Keep | 1 | |
| Castle | 1 | |
18 total
» build order
00:14 Barracks
00:18 Farm
00:24 Altar of Kings
00:59 Farm
01:41 Farm
02:01 Blacksmith
02:23 Farm
03:34 Farm
04:14 Farm
04:26 Lumber Mill
04:53 Farm
06:45 Keep
07:41 Farm
07:49 Barracks
08:22 Farm
09:13 Castle
09:53 Farm
12:29 Farm
Chat log
(04:24 / Allies) HANKHILL: claws pls
(07:35 / Allies) ('-_-): gonna laff if you spawn southside of your altar
(07:44 / Allies) HANKHILL: i already tested it
(09:30 / Allies) hjd999: elf go
(11:55 / Allies) HANKHILL: that watch tower has 1hp
(13:36 / All) HANKHILL: gg
(14:57 / Allies) ('-_-): gonna need that AA boss
(15:03 / Allies) ('-_-): oh yeah
(15:05 / Allies) ('-_-): get it!
(15:23 / All) HANKHILL: gg
(15:28 / All) ('-_-): ThugHacker is down
(15:31 / All) HANKHILL: it was over years ago
(15:44 / All) HANKHILL: thugmaster mh?
(15:50 / All) HANKHILL: howd you know i was there
(15:59 / All) ('-_-): yeah he is known hacker
(16:03 / All) HANKHILL: damn
(16:05 / Allies) ('-_-): run
(16:08 / Allies) ('-_-): run
(16:11 / Allies) HANKHILL: no need
(16:20 / All) HANKHILL: ggg
(16:21 / Allies) ('-_-): he hacks and could get level 6
(16:21 / All) HANKHILL: leave
(16:22 / All) HANKHILL: afk
(16:27 / All) ThugMasTeR: noob
(16:32 / All) HANKHILL: lol yore a hacker
(16:39 / All) ThugMasTeR: sure asshole
(16:42 / All) HANKHILL: k...?
(16:45 / All) HANKHILL: doesnt change the facts
(16:49 / All) HANKHILL: afk not playing a hacker
(16:52 / All) ThugMasTeR: and im legit
(16:54 / All) ThugMasTeR: so fuck u
(16:55 / Allies) ('-_-): lumber me